 Dungeon Crawl Stone Soup version 0.30.0-29-ga12c61a403 (webtiles) character file.

Game seed: 17339624783608828983

93 seaoflcl the Trooper (level 4, 0/36 HPs)
             Began as a Human Fighter on June 5, 2023.
             Was an Initiate of Gozag.
             Killed from afar by an orc wizard (7 damage)
             ... with a magic dart
             ... on level 2 of the Dungeon.
             The game lasted 00:01:44 (1183 turns).

seaoflcl the Trooper (Human Fighter)                Turns: 1183, Time: 00:01:45

Health: 0/36       AC:  6    Str: 18    XL:     4   Next: 92%
Magic:  4/4        EV:  9    Int:  9    God:    Gozag
Gold:   87         SH:  0    Dex: 12    Spells: 3/3 levels left

rFire   . . .        a - +0 long sword
rCold   . . .        c - +0 buckler
rNeg    . . .        b - +0 scale mail
rPois   .            (no helmet)
rElec   .            (no cloak)
rCorr   .            (no gloves)
SInv    .            (no boots)
Will    .....        (no amulet) Stlth
                     (no ring)
HPRegen 0.26/turn    (no ring)
MPRegen 0.09/turn

%: no passive effects
@: confused, mighty, gold aura
A: no striking features
a: Renounce Religion, Potion Petition, Call Merchant, Bribe Branch


You were on level 2 of the Dungeon.
You worshipped Gozag.
Gozag was noncommittal.
You visited 1 branch of the dungeon, and saw 2 of its levels.

You collected 87 gold pieces.

Inventory:

Hand Weapons
 a - a +0 long sword (weapon)
Missiles
 f - 6 poisoned darts (quivered)
Armour
 b - a +0 scale mail (worn)
 c - a +0 buckler (worn)
Scrolls
 i - a scroll of noise {unknown}
 k - 2 scrolls of identify {unknown}
 m - a scroll of teleportation {unknown}
Potions
 d - 2 potions of might
 e - 2 potions of heal wounds {unknown}
 g - 2 potions of ambrosia {unknown}
 h - a potion of berserk rage {unknown}
 j - a potion of flight {unknown}
 l - a potion of attraction {unknown}
 n - a potion of curing {unknown}
 o - a potion of lignification {unknown}


   Skills:
 + Level 3.6 Fighting
 * Level 2.9 Long Blades
 + Level 0.4 Throwing
 + Level 3.6 Armour
 + Level 3.6 Shields


You had 3 spell levels left.
You didn't know any spells.
Your spell library contained the following spells:

 Spells                   Type           Power      Damage    Failure   Level
 Animate Armour           Summ/Erth      0%         N/A       100%        4
 Blade Hands              Tmut           0%         N/A       100%        5
 Iron Shot                Conj/Erth      0%         9d1       100%        6


Dungeon Overview and Level Annotations

Branches:
Dungeon (2/15)

Altars:
Gozag


Message History

The orc wizard hits you but does no damage.
The orc wizard mumbles some strange words.
The orc wizard flickers and vanishes!
The orc wizard gestures at you while chanting.
The puff of flame hits you.
You closely miss the quokka. You hit the quokka.
You kill the quokka!
The quokka closely misses you. The quokka barely misses you.
You hear a shout!
You hit the orc wizard.
The orc wizard is heavily wounded.
The orc wizard points at you and mumbles some strange words.
You resist with some effort. The quokka closely misses you.
You closely miss the orc wizard.
The orc wizard is heavily wounded.
The quokka barely misses you.
The orc wizard gestures at you while chanting.
You are confused.
The quokka bites you but does no damage.
The orc wizard points at you and mumbles some strange words.
The magic dart hits you.
You bump into the rock wall.
The quokka closely misses you.
The orc wizard hits you but does no damage.
You bump into the rock wall.
The quokka completely misses you. The orc wizard casts a spell at you.
The magic dart hits you.
* * * LOW HITPOINT WARNING * * *
You're too confused to move!
The quokka closely misses you. The orc closely misses you.
The orc wizard hits you with a +0 dagger.
* * * LOW HITPOINT WARNING * * *
Unknown command.
You feel very mighty all of a sudden. The quokka bites you.
* * * LOW HITPOINT WARNING * * *
The orc wizard gestures at you while chanting.
The magic dart hits you!
You die...
Your body crumbles into a pile of gold.

... ... .... ..
#.. ..# $.
#.##..# #.
#.$$..#
#.##..##.#.#
###...o$.......
#.....o####..#.
#.###o## # .#
#.#.r@#
.#.###...###
........##
##.####.# #.#
#..#
+#######.###.##
.............#
#.....#.....##
#.....#.....#


You could see an orc wizard, 2 orcs and a quokka.

Vanquished Creatures
  Jessica (D:2)
  2 adders (D:2)
  2 worms (D:2)
  A dart slug (D:1)
  6 endoplasms
  2 giant cockroaches
  8 goblins
  2 hobgoblins
  A kobold (D:1)
  3 quokkas (D:2)
  4 ball pythons (D:1)
  A bat (D:1)
  4 rats
37 creatures vanquished.

Notes
Turn   | Place    | Note
-------+----------+-------------------------------------------
     0 | D:1      | seaoflcl the Human Fighter began the quest for the Orb.
     0 | D:1      | Reached XP level 1. HP: 18/18 MP: 1/1
   118 | D:1      | Reached XP level 2. HP: 24/24 MP: 2/2
   296 | D:1      | Reached XP level 3. HP: 29/29 MP: 3/3
   644 | D:2      | Noticed Jessica
   654 | D:2      | Killed Jessica
   655 | D:2      | Reached XP level 4. HP: 17/35 MP: 4/4
   770 | D:2      | Found a faded altar of an unknown god.
   887 | D:2      | Prayed at the altar of an unknown god.
   887 | D:2      | Became a worshipper of Gozag Ym Sagoz the Greedy
  1183 | D:2      | Killed from afar by an orc wizard

Illustrated notes

Levels and vault maps discovered:
D:1:      tarquinn_simple_flora_water_e, layout_basic
D:2:      layout_basic, dreamdust_ecumenical_altar_statues, uniq_jessica

Action                     |  1- 3 |  4- 6 || total
---------------------------+-------+-------++-------
  Melee: Long sword        |    57 |    51 ||   108
    Use: Potion            |       |     1 ||     1
 Armour: Scale mail        |    18 |    19 ||    37
  Dodge: Dodged            |    18 |    18 ||    36
  Block: Buckler           |    15 |    13 ||    28
